 Dungeon Crawl Stone Soup version 0.26.0-45-g9c1d065592 (webtiles) character file.

Game seed: 13445003920988536900

55 jlumianski the Skirmisher (level 3, -7/35 HPs)
             Began as a Palentonga Fighter on Jan 30, 2021.
             Mangled by a gnoll
             ... wielding a +0 halberd
              (12 damage)
             ... on level 2 of the Dungeon.
             The game lasted 00:04:46 (1474 turns).

jlumianski the Skirmisher (Palentonga Fighter)      Turns: 1474, Time: 00:04:47

Health: -7/35      AC:  6    Str: 20    XL:     3   Next: 67%
Magic:  3/3        EV:  5    Int:  8    God:
Gold:   25         SH:  8    Dex:  9    Spells: 2/2 levels left

rFire    . . .     SeeInvis +   a - +0 war axe
rCold    . . .     Faith    .   c - +0 kite shield
rNeg     . . .     Spirit   .   b - +0 scale mail
rPois    .         Reflect  .   (no helmet)
rElec    .         Harm     .   (no cloak)
rCorr    .         Rampage  .   (no gloves)
Will     .....                  (no barding)
Stlth    ..........             (no amulet)
HPRegen  0.11/turn              (no ring)
MPRegen  0.08/turn              (no ring)

@: no status effects
A: large, rugged brown scales 3, see invisible, deformed body, roll 1, armoured
tail
a: Rolling Charge


You were on level 2 of the Dungeon.
You visited 1 branch of the dungeon, and saw 3 of its levels.

You collected 25 gold pieces.

Inventory:

Hand Weapons
 a - a +0 war axe (weapon)
Missiles
 e - 69 stones
 k - 7 poisoned darts (quivered)
Armour
 b - a +0 scale mail (worn)
 c - a +0 kite shield (worn)
 n - a +0 chain mail
Scrolls
 f - a scroll of identify {unknown}
 g - a scroll of enchant weapon {unknown}
 j - 2 scrolls of remove curse {unknown}
 m - a scroll of fear {unknown}
Potions
 d - a potion of might
 h - a potion of lignification {unknown}
 i - a potion of degeneration {unknown}
 l - a potion of brilliance {unknown}


   Skills:
 + Level 3.6 Fighting
 + Level 2.2 Axes
 + Level 2.9 Armour
 + Level 2.8 Shields


You had 2 spell levels left.
You didn't know any spells.
Your spell library was empty.

Dungeon Overview and Level Annotations

Branches:
Dungeon (3/15)

Altars:

Annotations:
D:2 Sigmund


Innate Abilities, Weirdness & Mutations

You are completely covered in rugged brown scales. (AC +3, +7% HP)
You have supernaturally acute eyesight. (SInv)
Armour fits poorly on your strangely shaped body.
You can roll at nearby foes to attack.
You have a long armoured tail.


Message History

You slash the hobgoblin!
You kill the hobgoblin!
The gnoll hits you from afar with a +0 halberd.
The gnoll hits you but does no damage.
Items here: ))) ††.
You closely miss the gnoll. You tail-slap the gnoll!
The gnoll is heavily wounded.
You block the gnoll's attack.
Your shield prevents you from hitting the gnoll.
You tail-slap the gnoll, but do no damage.
The gnoll is heavily wounded.
The gnoll hits you with a +0 halberd!
* * * LOW HITPOINT WARNING * * *
You barely miss the gnoll.
The gnoll is heavily wounded.
The gnoll barely misses you.
You barely miss the gnoll.
The gnoll is heavily wounded.
You block the gnoll's attack. The gnoll hits you with a +0 halberd!
You die...

###
#.#####♣..P...#######.#
.....#.#####.#..##.#####
#.#
#...........#.#.........#
#.#
#.###.#.###.#.#.###.###.#
#.# #.#.........#
#.###.###.# .
#####.....###.........#
## #......######.#####
###.#.## #.# #@### #.#
#g# #.# #'# #.#####.
#...# #....... #....<#
###.#### #.......# ##.#†#
#......>..####....#
+.........+.......#
#.........###.<...#


You could see a gnoll.

Vanquished Creatures
  2 gnolls (D:2)
  A dart slug (D:1)
  3 bats (D:1)
  A giant cockroach (D:1)
  4 goblins
  A hobgoblin (D:2)
  6 jackals
  3 kobolds
  5 ball pythons
  2 frilled lizards
  4 rats
32 creatures vanquished.

Vanquished Creatures (others)
  A plant (D:1)
1 creature vanquished.

Grand Total: 33 creatures vanquished

Notes
Turn   | Place    | Note
-------+----------+-------------------------------------------
     0 | D:1      | jlumianski the Palentonga Fighter began the quest for the
                  | Orb.
     0 | D:1      | Reached XP level 1. HP: 20/20 MP: 1/1
   141 | D:1      | Reached XP level 2. HP: 13/27 MP: 2/2
   514 | D:2      | Noticed Sigmund
  1197 | D:2      | Reached XP level 3. HP: 27/33 MP: 3/3
  1474 | D:2      | Mangled by a gnoll

Illustrated notes

Levels and vault maps discovered:
D:1:      grunt_arrival_lava_bath, layout_basic, serial_bayou_pond_d,
          minmay_shallow_snake_nest
D:2:      layout_loops_corners, chequers_jeans, amcnicky_mini_corridor_feature,
          serial_bayou_pond_a, chequers_serial_rivers_marsh, grunt_decor_cap,
          uniq_terence, uniq_sigmund
D:3:      layout_loops_ring

Action                   || total
-------------------------++-------
Melee: War axe           ||    82
       Tailslap          ||     7
Throw: Stone             ||     1
 Abil: Rolling Charge    ||    20
Armor: Scale mail        ||    41
Dodge: Dodged            ||    21
Block: Kite shield       ||    47
